 Dungeon Crawl Stone Soup version 0.26-a0-597-gb535b0901c (webtiles) character file.

Game seed: 12950256100988282935

196201 Inarius the Wrestler (level 18, -1/204 HPs)
             Began as a Troll Chaos Knight on Sept 15, 2020.
             Was a Plaything of Xom.
             Slain by a demonic crawler (5 damage)
             ... on level 3 of the Spider Nest.
             The game lasted 01:01:35 (26874 turns).

Inarius the Wrestler (Troll Chaos Knight)          Turns: 26874, Time: 01:01:35

Health: -1/204     AC: 11    Str: 41    XL:     18   Next: 15%
Magic:  20/20      EV: 13    Int: 10    God:    Xom [......]
Gold:   4681       SH: 31    Dex: 13    Spells: 17/17 levels left

rFire    + . .     SeeInvis .     - Unarmed
rCold    . . .     Faith    .   n - +0 tower shield
rNeg     . . .     Spirit   .   w - +0 swamp dragon scales
rPois    +         Reflect  +   (helmet restricted)
rElec    .         Harm     .   G - +2 cloak
rCorr    .         Clarity  +   (gloves unavailable)
MR       +++..                  (boots unavailable)
Stlth    ++........             X - amulet of reflection
HPRegen  1.24/turn              H - +4 ring of protection
MPRegen  0.17/turn              a - +6 ring of strength

@: lethally poisoned (-1 -> -4), corroded, invisible
A: large, unfitting armour, claws 3, hooves 1, horns 1, large bone plates 1,
thin skeletal structure 1, agile 1, blink, blurry vision 1, clarity, clever 1,
fire resistance 1, high mp 2, magic resistance 2, sense surroundings 2,
regeneration 2, robust 3, shaggy fur 1, strong 2, tough skin 3, evolution 1,
sturdy frame 1
a: Blink, Renounce Religion


You were on level 3 of the Spider Nest.
You worshipped Xom.
You were a very special plaything of Xom.
You visited 6 branches of the dungeon, and saw 32 of its levels.
You also visited: Ice Cave and Volcano.

You collected 5950 gold pieces.
You spent 1269 gold pieces at shops.

Inventory:

Armour
 n - a +0 tower shield (worn)
 w - +0 swamp dragon scales (worn)
 G - a +2 cloak (worn)
 O - +0 fire dragon scales
 Z - a +2 troll leather armour {Snorg}
Jewellery
 a - a +6 ring of strength (right claw)
 b - the amulet of Qiehu {Inacc rElec rPois SInv}
   (You found it on level 2 of the Elven Halls)

   [amulet of inaccuracy]

   It reduces the accuracy of all your attacks.
   It insulates you from electricity.
   It protects you from poison.
   It lets you see invisible.
 i - the ring "Niav" {+Fly rF+ rC- rN+ Int+4}
   (You found it on level 2 of the Elven Halls)

   [ring of flight]

   It affects your intelligence (+4).
   It protects you from fire.
   It makes you vulnerable to cold.
   It protects you from negative energy.
   It lets you fly.
 v - an uncursed amulet of regeneration
 x - an uncursed ring of see invisible
 C - an uncursed ring of protection from magic
 H - a +4 ring of protection (left claw)
 X - an amulet of reflection (around neck)
 Y - an uncursed ring of protection from cold
Wands
 c - a wand of digging (10)
 s - a wand of paralysis (13)
 A - a wand of acid (12)
 B - a wand of iceblast (10)
 J - a wand of flame (27)
 K - a wand of disintegration (54)
 P - a wand of random effects (20)
Scrolls
 f - 8 scrolls of immolation
 h - 8 scrolls of magic mapping
 k - 6 scrolls of enchant weapon
 m - 3 scrolls of blinking
 q - 19 scrolls of remove curse
 t - 8 scrolls of teleportation
 y - 6 scrolls of identify
 z - 4 scrolls of fog
 F - 7 scrolls of enchant armour
 L - 2 scrolls of silence
 N - 3 scrolls of fear
 R - 4 scrolls of summoning
 T - 3 scrolls of vulnerability
Potions
 d - 4 potions of berserk rage
 e - 5 potions of brilliance
 g - 11 potions of curing
 j - 8 potions of magic
 l - 6 potions of ambrosia
 o - 7 potions of might
 p - 13 potions of heal wounds
 u - 2 potions of flight
 D - 4 potions of stabbing
 E - 5 potions of haste
 I - 5 potions of mutation
 Q - 2 potions of resistance
 U - a potion of invisibility
 V - 2 potions of lignification
Miscellaneous
 r - a phantom mirror
 S - a phial of floods
 W - a lightning rod (4/4)


   Skills:
 + Level 5.1 Fighting
 + Level 0.3 Throwing
 + Level 3.8 Armour
 + Level 8.8 Dodging
 + Level 12.4 Shields
 * Level 23.0 Unarmed Combat
 * Level 8.7 Evocations


You had 17 spell levels left.
You didn't know any spells.
Your spell library contained the following spells:

 Spells                   Type           Power        Failure   Level
 Corona                   Hex            #......      58%         1
 Magic Dart               Conj           #...         58%         1
 Sting                    Tmut/Pois      #...         58%         1
 Summon Small Mammal      Summ           #...         58%         1
 Blink                    Tloc           N/A          75%         2
 Call Imp                 Summ           #.......     75%         2
 Ensorcelled Hibernation  Hex/Ice        #.....       75%         2
 Slow                     Hex            #.......     75%         2
 Call Canine Familiar     Summ           #.......     92%         3
 Confusing Touch          Hex            #.......     92%         3
 Conjure Flame            Conj/Fire      #.......     92%         3
 Dazzling Flash           Conj/Hex       #.....       92%         3
 Gell's Gravitas          Tloc           #.........   92%         3
 Ignite Poison            Fire/Tmut/Pois #.......     92%         3
 Mephitic Cloud           Conj/Pois/Air  #.......     92%         3
 Summon Guardian Golem    Hex/Summ       #.......     92%         3
 Tukima's Dance           Hex            #.......     92%         3
 Cause Fear               Hex            #.........   100%        4
 Fulminant Prism          Conj/Hex       #.........   100%        4
 Petrify                  Tmut/Erth      #.......     100%        4
 Sticky Flame             Conj/Fire      #.......     100%        4
 Summon Ice Beast         Ice/Summ       #.......     100%        4
 Summon Lightning Spire   Summ/Air       #.......     100%        4
 Bolt of Magma            Conj/Fire/Erth #.........   100%        5
 Fireball                 Conj/Fire      #.........   100%        5
 Metabolic Englaciation   Hex/Ice        #.........   100%        5
 Silence                  Hex/Air        #.........   100%        5
 Yara's Violent Unravell  Hex/Tmut       #.........   100%        5
 Conjure Ball Lightning   Conj/Air       #.........   100%        6
 Discord                  Hex            #.........   100%        8
 Tornado                  Air            #.........   100%        9


Dungeon Overview and Level Annotations

Branches:
Dungeon (15/15)            Temple (0/1) D:7            Lair (6/6) D:10
  Swamp (3/4) Lair:2       Spider (3/4) Lair:4        Slime (0/5) Lair:5
    Orc (2/2) D:11            Elf (3/3) Orc:2        Vaults (0/5) D:14
 Depths (0/5) D:15          IceCv (visited)         Volcano (visited)

Altars:
Elyvilon
Gozag
Kikubaaqudgha
Okawaru
Qazlal
Trog
Wu Jian
Xom
Zin
Beogh

Shops:
D:4 *}(   D:9 !   D:10 (   D:13 ?   D:15 *   Orc:1 ?   Orc:2 **==   Elf:3 [*[

Annotations:
D:8 2 transporters, Ashen's ghost, novice TeAE
Lair:6 3 runed translucent doors, Sassenached's ghost, journeyman DrWn
Elf:2 5 runed translucent doors


Innate Abilities, Weirdness & Mutations

You are too large for most types of armour.
You have claws for hands.
You heal very quickly.
You are covered in fur. (AC +1)
You have extremely tough skin. (AC +3)
You have large cloven feet.
You have a pair of small horns on your head.
You are partially covered in large bone plates. (SH +4)
You have a somewhat thin skeletal structure. (Dex +2, Stealth)
You are agile. (Dex +2)
You can translocate small distances at will.
Scrolls take you a little longer to read.
You possess an exceptional clarity of mind.
Your mind is acute. (Int +2)
Your flesh is heat resistant. (rF+)
You have a considerably increased reservoir of magic. (+20% MP)
You are highly resistant to hostile enchantments. (MR++)
You passively map the area around you.
You are extremely robust. (+30% HP)
Your muscles are very strong. (Str +4)
You evolve.
Your movements are slightly less encumbered by armour. (ER -2)


Message History

Okay, then.
You fade into invisibility!
You feel yourself speed up.
You feel very sick. You block the redback's attack.
You block the jumping spider's attack. The jumping spider barely misses you.
The emperor scorpion stings you!!
* * * LOW HITPOINT WARNING * * *
You block the emperor scorpion's attack.
The emperor scorpion misses you.
You block the demonic crawler's attack. x2
The demonic crawler hits you.
* * * LOW HITPOINT WARNING * * *
The redback bites you.
* * * LOW HITPOINT WARNING * * *
The hornet evades a web.
The jumping spider barely misses you. You block the jumping spider's attack.
The emperor scorpion closely misses you.
The emperor scorpion barely misses you. The emperor scorpion claws you!
* * * LOW HITPOINT WARNING * * *
The demonic crawler hits you.
You die...
Xom chortles!

#>>.......#..#
#>..††##.^...# , , ,
##..†..##...^# ,^ ^
#.^).†..###### ,, , , **,
#..###^.s..## * * *
#....####†..#### , ,
#^.^..# ##.....#^ *
#.....# ##ss..# .. , *
####.## #s@†..#####.. * *
,*### #####s^.^s#....*#..#
*
s#####.s......#....##...#
*
....ss.y......^^..##....#^
*
s..^^.s#####......#.....#
* #####.y ,
*#..y........##. ##. ,
#....^......... ,, #s
##...^.....^###, * ,,,, as
#.#.........#.##


You could see an emperor scorpion, a demonic crawler, a hornet (fleeing), a
jumping spider, a tarantella (fleeing) and 2 redbacks.

Vanquished Creatures
  Nikola (Spider:1)
  Jorgrun (D:13)
  A lich (Elf:2)
  A thorn hunter (Swamp:3)
  Kirke (Spider:2)
  An orc warlord (Orc:2)
  4 deep elf sorcerers
  3 emperor scorpions
  An entropy weaver (Spider:3)
  A reaper (IceCv)
  Azrael (Elf:2)
  A deep elf annihilator (Elf:1)
  A deep elf demonologist (Elf:2)
  The ghost of Vihemes the Thrower, a journeyman OgHu of Hepliaklqana (Lair:1)
  A red draconian (Volcano)
  Snorg (D:13)
  2 fire dragons
  2 great orbs of eyes
  11 hydras
  Erolcha (D:11)
  2 ogre magi
  2 ice dragons
  2 vault guards (D:14)
  A shambling mangrove (Swamp:2)
  A catoblepas (Lair:1)
  4 centaur warriors
  A satyr (D:13)
  14 alligators
  16 two-headed ogres
  A tengu warrior (D:14)
  14 dancing weapons
  A queen ant (Swamp:3)
  Urug (D:13)
  8 deep elf knights
  A shock serpent (D:13)
  7 orc high priests
  Sonja (D:10)
  A salamander mystic (Volcano)
  5 unseen horrors
  A spriggan druid (Swamp:2)
  8 swamp dragons
  11 deep elf archers
  2 necromancers (D:14)
  A wizard (D:14)
  A wolf spider zombie (D:15)
  5 orc knights (Orc:2)
  A harpy (shapeshifter) (Swamp:2)
  4 orb spiders
  A manticore (Elf:1)
  11 wolf spiders
  4 orc sorcerers (Orc:2)
  16 ugly things
  4 salamanders (Volcano)
  30 deep elf magi
  A moth of wrath (Spider:2)
  10 elephants
  2 cyclopes
  A black mamba (Lair:6)
  A guardian serpent (shapeshifter) (Elf:2)
  Maurice (D:9)
  A cane toad (shapeshifter) (D:13)
  2 ice statues (IceCv)
  2 gargoyles
  A torpor snail (Spider:2)
  Psyche (D:11)
  14 cane toads
  6 komodo dragons
  2 rime drakes
  6 demonic crawlers
  4 centaur skeletons
  11 ice devils
  A tengu conjurer (D:14)
  14 jumping spiders
  A meliai (D:13)
  5 polar bears
  3 tyrant leeches
  8 trolls
  15 hornets
  9 slime creatures
  Grinder (D:3)
  4 dream sheep
  5 bog bodies
  12 hippogriffs
  16 blink frogs
  A meliai zombie (D:11)
  5 air elementals
  16 spriggans
  3 shadows
  16 tarantellas
  16 yaks
  6 water elementals
  A vampire (D:13)
  25 redbacks
  4 basilisks
  2 wraiths
  6 fire elementals
  4 wyverns
  19 humans (D:14)
  A hog (Spider:2)
  27 vampire mosquitoes
  11 wargs
  21 insubstantial wisps
  3 soldier ants
  6 swamp worms
  3 acid dragons
  13 porcupines
  8 ice beasts
  12 water moccasins
  4 hell hounds (Elf:2)
  6 swamp drakes
  47 orc warriors
  4 sky beasts
  5 black bears
  19 ogres
  An eye of draining (D:8)
  A necrophage (D:8)
  18 wolves (Lair:6)
  10 centaurs
  4 boggarts (Lair:6)
  4 big kobolds
  6 crocodiles
  21 bullfrogs
  4 earth elementals
  A water moccasin zombie (D:10)
  2 wyvern skeletons
  5 scorpions
  10 killer bees (D:9)
  4 wights (D:10)
  5 howler monkeys
  5 electric eels
  2 bullfrog zombies
  2 centaur zombies
  A quasit (D:15)
  2 hounds
  2 jellies
  32 orc priests
  30 orc wizards
  2 bullfrog skeletons
  Natasha (D:2)
  Terence (D:2)
  5 hell rats (Lair:3)
  4 iguanas
  5 worker ants
  A hound zombie (D:8)
  A hound skeleton (D:11)
  5 gnolls
  A howler monkey skeleton (D:9)
  11 adders
  A shadow imp (D:6)
  4 white imps
  5 ufetubi
  2 oozes
  An adder skeleton (D:5)
  5 worms
  A dart slug (D:5)
  4 leopard geckos
  127 orcs
  A ball python (D:5)
  19 giant cockroaches
  4 goblins
  11 hobgoblins
  8 jackals
  23 kobolds
  5 quokkas
  5 bats
  5 frilled lizards
  A leopard gecko skeleton (D:4)
  A quokka zombie (D:5)
  8 rats
1144 creatures vanquished.

Vanquished Creatures (collateral kills)
  Harold (D:8)
  An elephant (Lair:6)
  A tengu conjurer (D:13)
  A meliai (D:13)
  A spriggan (Swamp:3)
  2 ogres
  2 orc priests
  4 orcs
  A kobold (D:8)
14 creatures vanquished.

Vanquished Creatures (others)
  A hydra (D:14)
  A dancing weapon (Elf:2)
  A deep elf mage (Elf:1)
  An elephant (Lair:5)
  A troll (D:13)
  A meliai (D:13)
  A jumping spider (Spider:2)
  4 dream sheep (Lair:5)
  3 redbacks (Spider:2)
  2 yaks (D:9)
  A bullfrog (D:11)
  A white imp (IceCv)
  13 ufetubi (IceCv)
  A kobold (D:9)
  11 fungi
  22 plants
65 creatures vanquished.

Grand Total: 1223 creatures vanquished

Notes
Turn   | Place    | Note
-------+----------+-------------------------------------------
     0 | D:1      | Inarius the Troll Chaos Knight began the quest for the Orb.
     0 | D:1      | Reached XP level 1. HP: 22/22 MP: 0/0
   103 | D:1      | Reached XP level 2. HP: 29/29 MP: 1/1
   253 | D:1      | XOM: cast spell 'Olgreb's Toxic Radiance'
   284 | D:1      | XOM: silly message
   395 | D:1      | XOM: enchant monster (good)
   415 | D:1      | Reached XP level 3. HP: 18/36 MP: 2/2
   478 | D:1      | XOM: give mutations
   478 | D:1      | Gained mutation: Your system is resistant to poisons.
                  | (rPois) [Xom's grace]
   478 | D:1      | Gained mutation: You have a somewhat thin skeletal
                  | structure. (Dex +2, Stealth) [Xom's grace]
   872 | D:2      | Reached skill level 4 in Unarmed Combat
   950 | D:2      | Noticed Natasha
   952 | D:2      | XOM: god gift: 63 gold pieces
   953 | D:2      | Killed Natasha
   953 | D:2      | Reached XP level 4. HP: 44/44 MP: 3/3
   991 | D:2      | Noticed Natasha
   993 | D:2      | Noticed Natasha
   993 | D:2      | Natasha changed into Natasha the adder
   993 | D:2      | XOM: polymorph Natasha -> Natasha the adder
   997 | D:2      | Killed Natasha the adder
  1014 | D:2      | XOM: give mutations
  1014 | D:2      | Gained mutation: You are clumsy. (Dex -2) [Xom's mischief]
  1014 | D:2      | Gained mutation: Your muscles are strong. (Str +2) [Xom's
                  | mischief]
  1036 | D:2      | You fall into a shaft and drop 1 floor!
  1064 | D:2      | Noticed Terence
  1075 | D:2      | XOM: summons friendly shadow imp
  1078 | D:2      | Killed Terence
  1136 | D:2      | XOM: give mutations
  1136 | D:2      | Gained mutation: You possess an exceptional clarity of
                  | mind. [Xom's grace]
  1136 | D:2      | Gained mutation: You have a moderately thin skeletal
                  | structure. (Dex +4, Stealth+) [Xom's grace]
  1361 | D:2      | XOM is BORED!
  1361 | D:2      | XOM: give mutations
  1361 | D:2      | Gained mutation: Your body sometimes deteriorates upon
                  | taking damage. [Xom's mischief]
  1361 | D:2      | Lost mutation: Your body sometimes deteriorates upon taking
                  | damage. [Xom's mischief]
  1361 | D:2      | Lost mutation: You possess an exceptional clarity of mind.
                  | [Xom's mischief]
  1426 | D:3      | Reached skill level 5 in Unarmed Combat
  1426 | D:3      | Reached XP level 5. HP: 50/50 MP: 4/4
  1470 | D:3      | Noticed Grinder
  1478 | D:3      | Paralysed by Grinder for 7 turns
  1487 | D:3      | Killed Grinder
  1487 | D:3      | Reached skill level 1 in Shields
  1487 | D:3      | Reached skill level 6 in Unarmed Combat
  1487 | D:3      | Reached XP level 6. HP: 47/59 MP: 5/5
  1677 | D:3      | XOM: scenery: create altars
  1806 | D:3      | XOM: give mutation
  1806 | D:3      | Gained mutation: You expend magic power (3 MP) to
                  | strengthen your wands. [Xom's grace]
  1910 | D:3      | Reached skill level 1 in Evocations
  2017 | D:4      | Reached XP level 7. HP: 60/66 MP: 6/6
  2027 | D:4      | Found Lewkext's Antique Weapon Emporium.
  2110 | D:4      | Found Tuwi's Gadget Boutique.
  2129 | D:4      | Found Gozag's Platinum Reserve.
  2135 | D:4      | Found an opulent altar of Gozag.
  2149 | D:4      | Reached skill level 7 in Unarmed Combat
  2167 | D:4      | XOM: god gift: twisted smoking staff {god gift}
  2227 | D:4      | XOM: scenery: 2 doors open
  2256 | D:4      | XOM: 1-stop teleportation journey
  2449 | D:5      | Entered Level 5 of the Dungeon
  2543 | D:5      | Reached skill level 8 in Unarmed Combat
  2632 | D:5      | XOM: silly message
  2645 | D:5      | XOM: swap monsters
  2663 | D:5      | Reached XP level 8. HP: 72/74 MP: 7/7
  2866 | D:5      | XOM: noise
  2943 | D:6      | XOM: give mutations
  2943 | D:6      | Lost mutation: Your muscles are strong. (Str +2) [Xom's
                  | mischief]
  2943 | D:6      | Lost mutation: You are clumsy. (Dex -2) [Xom's mischief]
  2943 | D:6      | Lost mutation: You expend magic power (3 MP) to strengthen
                  | your wands. [Xom's mischief]
  3209 | D:6      | XOM: summons friendly quasit
  3253 | D:6      | XOM: enchant monster (good)
  3285 | D:6      | Reached skill level 9 in Unarmed Combat
  3349 | D:6      | Noticed a moth of wrath
  3352 | D:6      | Found a bloodstained altar of Trog.
  3428 | D:6      | XOM: give mutation
  3428 | D:6      | Gained mutation: You passively map a small area around you.
                  | [Xom's mischief]
  3582 | D:6      | XOM: give mutations
  3582 | D:6      | Gained mutation: Scrolls take you a little longer to read.
                  | [Xom's mischief]
  3582 | D:6      | Lost mutation: You have a moderately thin skeletal
                  | structure. (Dex +4, Stealth+) [Xom's mischief]
  3582 | D:6      | Gained mutation: Armour fits poorly on your strangely
                  | shaped body. [Xom's mischief]
  3582 | D:6      | Gained mutation: Your body sometimes deteriorates upon
                  | taking damage. [Xom's mischief]
  3759 | D:7      | Noticed a hippogriff
  3770 | D:7      | Killed a hippogriff
  3847 | D:7      | XOM: divination: magic mapping
  3916 | D:7      | XOM: smoke on damage
  3918 | D:7      | Reached XP level 9. HP: 72/80 MP: 8/8
  4061 | D:7      | Found a staircase to the Ecumenical Temple.
  4128 | D:7      | Found an ornate altar of the Wu Jian Council.
  4179 | D:7      | XOM: silly message
  4203 | D:8      | Found an iron altar of Okawaru.
  4240 | D:8      | Noticed Harold
  4246 | D:8      | Noticed a two-headed ogre
  4256 | D:8      | Reached skill level 10 in Unarmed Combat
  4258 | D:8      | Killed Harold
  4367 | D:7      | XOM: divination: detect items
  4405 | D:8      | XOM: noise
  4496 | D:8      | Killed a two-headed ogre
  4496 | D:8      | Reached skill level 11 in Unarmed Combat
  4672 | D:8      | Found a transporter.
  4676 | D:8      | Noticed Ashen's ghost (novice TeAE)
  4739 | D:8      | Found a transporter.
  4906 | D:9      | Reached XP level 10. HP: 88/91 MP: 9/9
  5057 | D:9      | XOM: blink monster(s)
  5068 | D:9      | XOM: blink monster(s)
  5080 | D:9      | XOM: swap monsters
  5085 | D:9      | XOM: divine lightning
  5091 | D:9      | Reached skill level 12 in Unarmed Combat
  5093 | D:9      | XOM: summons friendly crimson imp
  5104 | D:9      | XOM: confuse monster(s)
  5301 | D:9      | Found Ugerek's Distillery.
  5306 | D:9      | Bought 2 potions of heal wounds for 170 gold pieces
  5306 | D:9      | Bought a potion of invisibility for 136 gold pieces
  5306 | D:9      | Bought a potion of berserk rage for 85 gold pieces
  5329 | D:9      | Found an ancient bone altar of Kikubaaqudgha.
  5424 | D:9      | Found a white marble altar of Elyvilon.
  5476 | D:9      | Noticed Maurice
  5482 | D:9      | Killed Maurice
  5886 | D:9      | Found Zin's Purification Station.
  5887 | D:9      | Found a glowing silver altar of Zin.
  5892 | D:9      | Bought a potion of curing for 90 gold pieces
  6154 | D:9      | XOM: noise
  6286 | D:10     | Entered Level 10 of the Dungeon
  6376 | D:10     | Reached skill level 5 in Shields
  6459 | D:10     | Reached skill level 13 in Unarmed Combat
  6491 | D:10     | Found Ceir Mie's Weapon Shop.
  6575 | D:10     | XOM: give mutations
  6575 | D:10     | Gained mutation: Your mind is acute. (Int +2) [Xom's
                  | mischief]
  6575 | D:10     | Gained mutation: You passively map the area around you.
                  | [Xom's mischief]
  6575 | D:10     | Gained mutation: You are clumsy. (Dex -2) [Xom's mischief]
  6575 | D:10     | Lost mutation: You are clumsy. (Dex -2) [Xom's mischief]
  6685 | D:10     | Noticed a gargoyle
  6693 | D:10     | Killed a gargoyle
  6693 | D:10     | Reached XP level 11. HP: 97/97 MP: 10/10
  6777 | D:10     | Found a staircase to the Lair.
  6778 | D:10     | Noticed Sonja
  6782 | D:10     | Killed Sonja
  7012 | D:11     | Reached skill level 5 in Dodging
  7033 | D:11     | Noticed Psyche
  7037 | D:11     | Killed Psyche
  7056 | D:11     | Noticed a green ugly thing
  7058 | D:11     | XOM: give mutation
  7058 | D:11     | Gained mutation: Your body often deteriorates upon taking
                  | damage. [Xom's mischief]
  7063 | D:11     | XOM: 1-stop teleportation journey
  7074 | D:11     | Killed a green ugly thing
  7289 | D:11     | XOM: silly message
  7519 | D:11     | Found a staircase to the Orcish Mines.
  7589 | D:11     | Noticed Erolcha
  7605 | D:11     | Killed Erolcha
  7607 | D:11     | Reached skill level 14 in Unarmed Combat
  7810 | D:12     | Reached skill level 5 in Evocations
  7817 | D:12     | XOM: silly message
  7820 | D:12     | Reached skill level 1 in Armour
  7961 | D:12     | Noticed an unseen horror
  7965 | D:12     | Killed an unseen horror
  8006 | D:12     | Killed an unseen horror
  8387 | D:12     | XOM: god gift: war axe {god gift}
  8491 | D:12     | Noticed a deep elf mage
  8498 | D:12     | Killed a deep elf mage
  8498 | D:12     | Reached XP level 12. HP: 107/107 MP: 11/11
  8594 | D:12     | Noticed a centaur warrior
  8599 | D:12     | XOM: swap monsters
  8603 | D:12     | Killed a centaur warrior
  8756 | D:12     | XOM: divination: detect items
  8871 | Lair:1   | Entered Level 1 of the Lair of Beasts
  8876 | Lair:1   | Noticed a four-headed hydra
  8880 | Lair:1   | XOM: potion effect (invisibility)
  8891 | Lair:1   | XOM is BORED!
  8891 | Lair:1   | XOM: enchant monster (bad)
  8894 | Lair:1   | Killed a five-headed hydra
  8912 | Lair:1   | XOM: god gift: 19 gold pieces
  8998 | Lair:1   | Found a transporter.
  9003 | Lair:1   | Noticed Vihemes's ghost (journeyman OgHu)
  9007 | Lair:1   | Noticed a catoblepas
  9032 | Lair:1   | Reached skill level 15 in Unarmed Combat
  9114 | Lair:1   | Found a transporter.
  9155 | Lair:1   | XOM: god gift: wand of acid (9)
  9323 | Lair:1   | XOM: enchant monster (good)
  9434 | Lair:1   | XOM is BORED!
  9434 | Lair:1   | XOM: summons 6 hostile demons
  9547 | Lair:2   | Found a staircase to the Swamp.
  9580 | Lair:2   | Found a frozen archway.
  9641 | IceCv    | Entered an ice cave
  9667 | IceCv    | XOM: 5-stop teleportation journey
  9668 | IceCv    | XOM: cast spell 'Chain of Chaos'
  9671 | IceCv    | XOM: enchant monster (good)
  9766 | IceCv    | XOM: blink monster(s)
  9768 | IceCv    | XOM: noise
  9816 | IceCv    | XOM: smoke on damage
  9927 | IceCv    | XOM: 1-stop teleportation journey
  9938 | IceCv    | XOM: scenery: create altars
  9958 | IceCv    | XOM: repel stairs
  9976 | IceCv    | Noticed a reaper
  9982 | IceCv    | Killed a reaper
 10477 | Lair:2   | XOM: confuse monster(s)
 10706 | Lair:2   | Reached skill level 16 in Unarmed Combat
 10718 | Lair:2   | Found the +8 whip "Snakebite" {curare, rPois}
 10912 | Lair:3   | XOM: cast spell 'Necromutation'
 10914 | Lair:2   | XOM: enchant monster (bad)
 10918 | Lair:2   | Reached XP level 13. HP: 81/114 MP: 12/12
 11322 | Lair:3   | XOM: cleaving
 11327 | Lair:3   | XOM: summons friendly shadow imp
 11410 | Lair:3   | XOM is BORED!
 11410 | Lair:3   | XOM: polymorph shadow imp -> ufetubus
 11421 | Lair:3   | XOM: divination: magic mapping
 11574 | Lair:3   | XOM: give mutations
 11574 | Lair:3   | Gained mutation: Your muscles are strong. (Str +2) [Xom's
                  | grace]
 11574 | Lair:3   | Gained mutation: You are agile. (Dex +2) [Xom's grace]
 11574 | Lair:3   | Gained mutation: Your muscles are very strong. (Str +4)
                  | [Xom's grace]
 11706 | Lair:4   | Found a dark tunnel.
 11718 | Volcano  | Entered a volcano
 11737 | Volcano  | Noticed a red draconian
 11930 | Volcano  | Killed a red draconian
 12041 | Lair:4   | Found a hole to the Spider Nest.
 12469 | Lair:4   | XOM: god gift: 18 sling bullets
 12761 | Lair:4   | XOM: confuse monster(s)
 12817 | Lair:5   | XOM: summons friendly ufetubus
 12826 | Lair:5   | XOM: summons 13 friendly demons
 13010 | Lair:5   | XOM: confuse monster(s)
 13034 | Lair:5   | Found a staircase to the Slime Pits.
 13034 | Lair:5   | XOM: 1-stop teleportation journey
 13054 | Lair:5   | Reached skill level 17 in Unarmed Combat
 13061 | Lair:5   | XOM: enchant monster (good)
 13144 | Lair:5   | XOM: destruction
 13695 | Lair:6   | Entered Level 6 of the Lair of Beasts
 13707 | Lair:5   | XOM: noise
 13744 | Lair:6   | XOM: scenery: create altars
 13885 | Lair:6   | XOM: divination: magic mapping
 13915 | Lair:6   | XOM: noise
 13917 | Lair:6   | XOM: potion effect (stabbing)
 13950 | Lair:6   | XOM: enchant monster (good)
 13952 | Lair:6   | Reached XP level 14. HP: 80/123 MP: 13/13
 14112 | Lair:6   | XOM: cleaving
 14135 | Lair:6   | Identified Cigh's Almanac of Poisoning and Enchantment
 14194 | Lair:6   | XOM: enchant monster (bad)
 14198 | Lair:6   | XOM: enchant monster (good)
 14201 | Lair:6   | XOM: confuse monster(s)
 14211 | Lair:6   | XOM: swap monsters
 14222 | Lair:6   | XOM: noise
 14227 | Lair:6   | XOM: summons friendly ufetubus
 14385 | Lair:6   | XOM: summons 9 friendly demons
 14395 | Lair:6   | XOM: cast spell 'Summon Small Mammal'
 14397 | Lair:6   | XOM: confusion (+ monsters)
 14650 | Lair:6   | Found a runed translucent gate.
 14650 | Lair:6   | Found a runed translucent gate.
 14650 | Lair:6   | Found a runed translucent gate.
 14844 | Lair:6   | Noticed Sassenached's ghost (journeyman DrWn)
 15021 | Lair:1   | Killed Vihemes's ghost
 15173 | Orc:1    | Entered Level 1 of the Orcish Mines
 15221 | Orc:1    | XOM: give mutations
 15221 | Orc:1    | Gained mutation: You evolve. [Xom's grace]
 15221 | Orc:1    | Gained mutation: Your flesh is heat resistant. (rF+) [Xom's
                  | grace]
 15221 | Orc:1    | Gained mutation: You possess an exceptional clarity of
                  | mind. [Xom's grace]
 15221 | Orc:1    | Gained mutation: Your flesh is cold resistant. (rC+) [Xom's
                  | grace]
 15275 | Orc:2    | Entered Level 2 of the Orcish Mines
 15436 | Orc:2    | XOM: give mutations
 15436 | Orc:2    | Gained mutation: You are robust. (+10% HP) [Xom's grace]
 15436 | Orc:2    | Gained mutation: You are very robust. (+20% HP) [Xom's
                  | grace]
 15436 | Orc:2    | Gained mutation: You have an increased reservoir of magic.
                  | (+10% MP) [Xom's grace]
 15525 | Orc:2    | Reached skill level 18 in Unarmed Combat
 15611 | Orc:1    | Found Fajo's Magic Scroll Boutique.
 15636 | Orc:1    | Bought a scroll of teleportation for 36 gold pieces
 15636 | Orc:1    | Bought a scroll of teleportation for 36 gold pieces
 15754 | Orc:2    | XOM: god gift: scroll of amnesia
 15913 | Orc:1    | XOM: summons 8 friendly demons
 16096 | Orc:2    | XOM: god gift: potion of mutation
 16420 | Orc:2    | Found a staircase to the Elven Halls.
 16461 | Orc:2    | XOM: chaos upgrade
 16552 | Orc:2    | XOM: summons friendly iron imp
 16617 | Orc:2    | Found Daoxorgh's General Store.
 16645 | Orc:2    | Bought a potion of heal wounds for 70 gold pieces
 16742 | Orc:2    | Found Raifasch's General Store.
 16773 | Orc:2    | Noticed an orc warlord
 16785 | Orc:2    | XOM: fog
 16804 | Orc:2    | Killed an orc warlord
 16883 | Orc:2    | XOM: cast spell 'Summon Ice Beast'
 16939 | Orc:2    | Found a roughly hewn altar of Beogh.
 17132 | Orc:2    | XOM: confuse monster(s)
 17152 | Orc:2    | Found a roughly hewn altar of Beogh.
 17247 | Orc:2    | Found Qomopib's Jewellery Emporium.
 17255 | Orc:2    | XOM: give mutations
 17255 | Orc:2    | Lost mutation: Your body often deteriorates upon taking
                  | damage. [Xom's mischief]
 17255 | Orc:2    | Lost mutation: Your muscles are very strong. (Str +4)
                  | [Xom's mischief]
 17267 | Orc:2    | Found Coinuoxtu's Jewellery Shoppe.
 17325 | Orc:2    | XOM: give mutations
 17325 | Orc:2    | Lost mutation: Your body sometimes deteriorates upon taking
                  | damage. [Xom's mischief]
 17325 | Orc:2    | Lost mutation: Your flesh is cold resistant. (rC+) [Xom's
                  | mischief]
 17426 | Orc:2    | XOM is BORED!
 17426 | Orc:2    | XOM: noise
 17602 | Orc:2    | Bought an uncursed amulet of reflection for 360 gold pieces
 17791 | D:13     | Noticed Jorgrun
 17800 | D:13     | Killed Jorgrun
 17800 | D:13     | Reached XP level 15. HP: 157/157 MP: 15/15
 17875 | D:13     | XOM: enchant monster (good)
 17912 | D:13     | Found Xaodeadgh's Magic Scroll Emporium.
 17913 | D:13     | XOM: polymorph manticore -> shock serpent
 17978 | D:13     | Reached skill level 19 in Unarmed Combat
 17998 | D:13     | Noticed Snorg
 18190 | D:13     | XOM: give mutations
 18190 | D:13     | Gained mutation: You are extremely robust. (+30% HP) [Xom's
                  | grace]
 18190 | D:13     | Gained mutation: You rapidly evolve. [Xom's grace]
 18190 | D:13     | Gained mutation: Your movements are slightly less
                  | encumbered by armour. (ER -2) [Xom's grace]
 18190 | D:13     | Gained mutation: You are resistant to hostile enchantments.
                  | (MR+) [Xom's grace]
 18197 | D:13     | Noticed Urug
 18207 | D:13     | Killed Urug
 18251 | D:13     | Killed Snorg
 18457 | D:14     | Found a stormy altar of Qazlal.
 18495 | D:14     | XOM: destruction
 18571 | D:14     | XOM: divine lightning
 18573 | D:14     | XOM: potion effect (stabbing)
 18581 | D:14     | XOM: summons 4 friendly demons
 18587 | D:14     | XOM: polymorph human -> wyvern
 18625 | D:14     | XOM: silly message
 18640 | D:14     | XOM: cast spell 'Metabolic Englaciation'
 18662 | D:14     | XOM: summons 2 friendly demons
 18670 | D:14     | XOM: potion effect (might)
 18675 | D:14     | Gained mutation: You are highly resistant to hostile
                  | enchantments. (MR++) [evolution]
 18687 | D:14     | XOM: enchant monster (bad)
 18748 | D:14     | XOM: noise
 18768 | D:14     | Reached skill level 10 in Shields
 18774 | D:14     | XOM: silly message
 18789 | D:14     | XOM: scenery: create altars
 18821 | D:14     | XOM: cast spell 'Summon Small Mammal'
 18840 | D:14     | XOM: enchant monster (good)
 18879 | D:14     | Found a gate to the Vaults.
 18972 | D:14     | Found a large runed translucent door.
 18972 | D:14     | Found a large runed translucent door.
 19106 | D:14     | XOM: enchant monster (bad)
 19129 | D:14     | XOM: potion effect (stabbing)
 19134 | D:14     | Reached skill level 20 in Unarmed Combat
 19449 | D:15     | Entered Level 15 of the Dungeon
 19521 | D:15     | XOM: divination: detect items
 19540 | D:15     | XOM: swap monsters
 19544 | D:15     | XOM: torment (79/170 hp)
 19687 | D:14     | XOM: scenery: summon butterflies
 19736 | D:15     | Identified the Catalogue of the Hurtful Blaze
 19755 | D:15     | Lost mutation: Armour fits poorly on your strangely shaped
                  | body. [evolution]
 19758 | D:15     | XOM: cloud trail
 19777 | D:15     | XOM: cleaving
 19798 | D:15     | Reached XP level 16. HP: 182/182 MP: 16/16
 19930 | D:15     | Found Teuczirry's General Store.
 19932 | D:15     | XOM: scenery: summon butterflies
 19938 | D:15     | Bought a wand of acid (7) for 286 gold pieces
 20031 | D:15     | Found a staircase to the Depths.
 20086 | D:15     | XOM: cast spell 'Discord'
 20279 | D:15     | XOM: give mutations
 20279 | D:15     | Gained mutation: You are partially covered in large bone
                  | plates. (SH +4) [Xom's grace]
 20279 | D:15     | Gained mutation: You can translocate small distances at
                  | will. [Xom's grace]
 20279 | D:15     | Gained mutation: You have large cloven feet. [Xom's grace]
 20279 | D:15     | Gained mutation: You heal very quickly. [Xom's grace]
 20320 | D:13     | XOM: cloud trail
 20462 | Elf:1    | Entered Level 1 of the Elven Halls
 20510 | Elf:1    | XOM: summons friendly white imp
 20662 | Elf:1    | XOM: polymorph deep elf mage -> manticore
 20678 | Elf:1    | XOM: confuse monster(s)
 20681 | Elf:1    | XOM: divination: detect items
 20683 | Elf:1    | XOM: divine lightning
 20695 | Elf:1    | Identified the Almanac of the Hunter
 20896 | Elf:1    | XOM: scenery: 2 doors open, 1 doors close
 21063 | Elf:1    | Reached skill level 21 in Unarmed Combat
 21065 | Elf:1    | XOM: enchant monster (bad)
 21329 | Elf:2    | Identified a scroll of acquirement
 21331 | Elf:2    | Acquired 1860 gold pieces
 21492 | Elf:2    | Noticed Azrael
 21509 | Elf:2    | XOM: noise
 21521 | Elf:2    | XOM: silly message
 21525 | Elf:2    | Killed Azrael
 21650 | Elf:2    | Found a huge runed translucent gate.
 21650 | Elf:2    | Found a huge runed translucent gate.
 21650 | Elf:2    | Found a huge runed translucent gate.
 21650 | Elf:2    | Found a huge runed translucent gate.
 21650 | Elf:2    | Found a huge runed translucent gate.
 21745 | Elf:2    | Noticed a lich
 21762 | Elf:2    | XOM: enchant monster (good)
 21776 | Elf:2    | Killed a lich
 21783 | Elf:2    | XOM: god gift: thin citrine amulet {god gift}
 21807 | Elf:2    | Identified the ring "Niav" {+Fly rF+ rC- rN+ Int+4} (You
                  | found it on level 2 of the Elven Halls)
 21819 | Elf:2    | Identified the amulet of Qiehu {Inacc rElec rPois SInv}
                  | (You found it on level 2 of the Elven Halls)
 21906 | Elf:2    | XOM: enchant monster (good)
 22006 | Elf:2    | Acquired 700 gold pieces
 22070 | Elf:2    | Gained mutation: Your muscles are very strong. (Str +4)
                  | [evolution]
 22284 | Elf:3    | Entered Level 3 of the Elven Halls
 22312 | Elf:3    | XOM: confuse monster(s)
 22319 | Elf:3    | XOM: cast spell 'Cause Fear'
 22323 | Elf:3    | Reached XP level 17. HP: 182/189 MP: 17/17
 22336 | Elf:3    | Found Unuig's Assorted Antiques.
 22341 | Elf:3    | Found Eretu's Antique Armour Shop.
 22369 | Elf:3    | Found Saresavu's Armour Emporium.
 22437 | Elf:1    | XOM: silly message
 22649 | Swamp:1  | XOM: noise
 22649 | Swamp:1  | Entered Level 1 of the Swamp
 22658 | Swamp:1  | XOM: confuse monster(s)
 22790 | Swamp:1  | Reached skill level 22 in Unarmed Combat
 22807 | Swamp:1  | XOM: scenery: summon butterflies
 22815 | Swamp:1  | XOM: noise
 22879 | Swamp:1  | XOM: god gift: plate armour {god gift}
 22881 | Swamp:1  | XOM: confuse monster(s)
 23089 | Swamp:1  | XOM: cloud trail
 23178 | Swamp:1  | XOM: give mutations
 23178 | Swamp:1  | Gained mutation: You have a pair of small horns on your
                  | head. [Xom's grace]
 23178 | Swamp:1  | Gained mutation: You have a considerably increased
                  | reservoir of magic. (+20% MP) [Xom's grace]
 23197 | Swamp:1  | XOM: scenery: summon butterflies
 23374 | Swamp:1  | XOM: god gift: wand of disintegration (15)
 23506 | Swamp:2  | XOM: stealth player
 23613 | Swamp:2  | XOM: scenery: summon butterflies
 23644 | Swamp:2  | XOM: god gift: weird smoking staff {god gift}
 23704 | Swamp:2  | XOM: polymorph spriggan rider -> shapeshifter
 23712 | Swamp:2  | XOM: polymorph spriggan rider -> fire dragon
 23814 | Swamp:2  | XOM: noise
 23964 | Swamp:2  | XOM: chaos upgrade
 23969 | Swamp:2  | XOM: scenery: summon butterflies
 24478 | Swamp:3  | XOM: fog
 24492 | Swamp:3  | XOM: god gift: short wooden wand {god gift}
 24497 | Swamp:3  | XOM: summons friendly crimson imp
 24536 | Swamp:3  | XOM: enchant monster (bad)
 24548 | Swamp:3  | XOM: polymorph alligator -> ice dragon
 24552 | Swamp:3  | XOM: enchant monster (good)
 24553 | Swamp:3  | XOM: polymorph crimson imp -> iron imp
 24567 | Swamp:3  | XOM: potion effect (haste)
 24800 | Swamp:3  | XOM: divination: detect creatures
 24880 | Swamp:3  | Lost mutation: Your system is resistant to poisons. (rPois)
                  | [evolution]
 24880 | Swamp:3  | Lost mutation: You rapidly evolve. [decline of evolution]
 24898 | Swamp:3  | XOM: summons 10 friendly demons
 24902 | Swamp:3  | XOM: scenery: create altars
 24904 | Swamp:3  | XOM: fake destruction
 25084 | Swamp:3  | XOM: confuse monster(s)
 25088 | Swamp:3  | XOM: cleaving
 25090 | Swamp:3  | Reached skill level 5 in Fighting
 25462 | Spider:1 | Entered Level 1 of the Spider Nest
 25483 | Spider:1 | XOM: enchant monster (good)
 25505 | Spider:1 | XOM: confuse monster(s)
 25515 | Spider:1 | XOM: divination: detect items
 25523 | Spider:1 | XOM: divination: detect items
 25630 | Spider:1 | XOM: 4-stop teleportation journey
 25855 | Spider:2 | Noticed Nikola
 25924 | Spider:1 | Killed Nikola
 26086 | Spider:2 | Noticed Kirke
 26094 | Spider:2 | Killed Kirke
 26129 | Spider:2 | XOM: confuse monster(s)
 26162 | Spider:2 | XOM: blink monster(s)
 26580 | Spider:3 | Reached XP level 18. HP: 202/204 MP: 20/20
 26588 | Spider:3 | XOM: cleaving
 26647 | Spider:3 | XOM: fake destruction
 26659 | Spider:3 | Reached skill level 23 in Unarmed Combat
 26858 | Spider:3 | XOM: swap monsters
 26866 | Spider:3 | XOM: silly message
 26874 | Spider:3 | HP: 4/204 [emperor scorpion (10)]
 26874 | Spider:3 | Slain by a demonic crawler

Illustrated notes

Levels and vault maps discovered:
D:1:      lemuel_arrival_funnel, layout_loops_ring, kennysheep_pointless_box,
          minmay_hexomino_u4
D:2:      layout_basic, uniq_terence, uniq_natasha
D:3:      minmay_roachtagon, layout_rooms, uniq_grinder
D:4:      layout_basic, serial_shops, nicolae_shop_window_shopping, shop,
          nicolae_gozag_zags_fifth_avenue
D:5:      layout_rooms
D:6:      layout_rooms, tgw_trog, chequers_big_river,
          hangedman_abyss_or_decor_stagger
D:7:      layout_cave_pools, kennysheep_little_box,
          minmay_temple_entry_proselytizer, minmay_misc_feat_chi
D:8:      layout_rooms, okawaru_gym_becter, gammafunk_ghost_stat_death,
          dk_noncrumbling_3, uniq_harold
D:9:      layout_loops_cross, zin_purify, basic_altar, serial_co_window_serial,
          co_window_of_opportunity_a, co_window_corner_a,
          co_window_of_opportunity_a, co_window_paths_a, co_window_corner_a,
          co_window_of_opportunity_b, co_window_broadway_b,
          co_window_of_opportunity_b, co_window_corner_ca, co_window_cross_4,
          co_window_corner_b, serial_shops, shop, minivault_25,
          elyvilon_altar_1, uniq_maurice
D:10:     layout_roguey, lair_entry_dummy, serial_shops, shop, uniq_sonja
D:11:     layout_basic, david_orc_1_choice, uniq_psyche, uniq_erolcha
D:12:     layout_basic, nooodl_orcs_dogs
D:13:     layout_cave_pools, serial_shops, shop, uniq_jorgrun, uniq_snorg,
          uniq_urug
D:14:     layout_loops_ring, grunt_vaults_entry_tiered, lemuel_tele_altar,
          lightli_elemental_guards
D:15:     grunt_enter_depths_hoard, layout_cave_pools,
          minmay_misc_feat_ornament, serial_shops, nicolae_shop_trees,
          grunt_decor_fettered
Lair:1:   layout_gridlike, gammafunk_ghost_arena, beast_lair_carwin_2
Lair:2:   minmay_guarded_unrand_snakebite, layout_hall_layers,
          skrybe_swamp_entry_bodies, portal_ice_cave_demonic_guard
Lair:3:   layout_loops_ring
Lair:4:   layout_cave_shapes, nicolae_spider_entry_orb_guardian,
          nicolae_volcano_entry_lava_flow, serial_bayou_crossing,
          lemuel_fruit_fields
Lair:5:   layout_gridlike, minmay_slime_entry_pillars, st_stairs_7
Lair:6:   minmay_lair_end_enchanted_forest, layout_cave_pods,
          gammafunk_ghost_icy, pond
Swamp:1:  layout_falls_marsh, nicolae_swamp_orc_logging_accident,
          infiniplex_staircase_pool
Swamp:2:  layout_basic_swamp, hangedman_swamp_diagram
Swamp:3:  layout_falls_marsh, hangedman_swamp_ruin_wall, swamp_pool1
Spider:1: layout_spider_delve, einodemon_crawler_minivault
Spider:2: layout_spider_delve, nicolae_spider_cling_ruins, uniq_nikola,
          uniq_kirke
Spider:3: nicolae_spider_corner
Orc:1:    layout_caves, serial_shops, shop
Orc:2:    pubby_orc_utopia
Elf:1:    kennysheep_bubbly, layout_geoelf_grid, minmay_elf_annihilation
Elf:2:    layout_rooms, hangedman_elf_power_crystal, minmay_the_grid_2x2
          [minmay_the_grid_empty, minmay_the_grid_tri_star,
          minmay_the_grid_spin_star, minmay_the_grid_prize_four_corners],
          lemuel_elevator, uniq_azrael
Elf:3:    minmay_elf_hall_four_x, layout_gridlike, serial_shops, shop,
          ebering_ghost_xom, minmay_shop_star

Skill      XL: |  1  2  3  4  5  6  7  8  9 10 11 12 13 14 15 16 17 18 |
---------------+-------------------------------------------------------+-----
Dodging        | 2 3 4 5 6 7 8 |  8.8
Unarmed Combat | 4 5 6 8 9 11 13 14 16 17 18 20 21 22 23 | 23.0
Shields        | 1 2 3 4 5 6 7 8 9 10 11 12 | 12.4
Evocations     | 1 2 3 4 5 6 7 8 |  8.7
Fighting       | 3 4 5 |  5.1
Armour         | 1 2 3 |  3.8
Throwing       | |  0.3

Action                   |  1- 3 |  4- 6 |  7- 9 | 10-12 | 13-15 | 16-18 || total
-------------------------+-------+-------+-------+-------+-------+-------++-------
Melee: Unarmed           |    85 |   160 |   291 |   737 |  1401 |   989 ||  3663
       Kick              |       |       |       |       |       |   371 ||   371
       Headbutt          |       |       |       |       |       |   127 ||   127
Throw: Throwing net      |       |       |     1 |       |       |       ||     1
       Javelin           |       |       |       |     5 |       |       ||     5
Evoke: Wand              |       |       |     7 |    19 |    30 |    15 ||    71
  Use: Scroll            |       |     4 |     9 |    12 |    13 |    12 ||    50
       Potion            |       |       |     2 |     2 |     4 |     2 ||    10
 Stab: Sleeping          |     1 |    13 |     6 |     8 |    11 |       ||    39
       Paralysed         |       |       |     5 |       |     2 |       ||     7
       Fleeing           |       |       |     1 |       |       |       ||     1
       Invisible         |       |       |       |     8 |       |       ||     8
       Petrifying        |       |       |       |     1 |     2 |     1 ||     4
       Confused          |       |       |       |       |     6 |     6 ||    12
       Petrified         |       |       |       |       |     4 |       ||     4
       Distracted        |       |       |       |       |     1 |     3 ||     4
Armor: Robe              |    26 |    51 |    80 |    40 |       |       ||   197
       Troll leather arm |       |       |       |   144 |   295 |    38 ||   477
       Swamp dragon scal |       |       |       |       |       |   155 ||   155
Dodge: Dodged            |    37 |    16 |    55 |   161 |   268 |   222 ||   759
Block: Tower shield      |    11 |    92 |   190 |   593 |  1238 |  1172 ||  3296
       Reflection        |       |       |       |       |     8 |    45 ||    53

Table legend: (Time is in decaauts)
 A = Elapsed time spent in this place.
 B = Non-inter-level travel time spent in this place.
 C = Inter-level travel time spent in this place.
 D = Time resting spent in this place.
 E = Time spent auto-exploring this place.
 F = Levels seen in this place.
 G = Mean time per level.
                   A        B        C        D        E       F      G
               +--------+--------+--------+--------+--------+-----+--------+
         Total |  26254 |  24463 |   1791 |   1464 |  15207 |  34 |  772.2 |
       Dungeon |  11541 |  10776 |    765 |    594 |   7000 |  15 |  769.4 |
          Lair |   5325 |   4938 |    387 |    275 |   3488 |   6 |  887.5 |
         Swamp |   2775 |   2565 |    210 |     90 |   1613 |   3 |  925.0 |
   Spider Nest |   1332 |   1272 |     60 |     67 |    706 |   3 |  444.0 |
  Orcish Mines |   2568 |   2286 |    282 |    118 |   1350 |   2 | 1284.0 |
   Elven Halls |   1859 |   1775 |     84 |     19 |   1048 |   3 |  619.7 |
      Ice Cave |    615 |    615 |      0 |    250 |      0 |   1 |  615.0 |
       Volcano |    235 |    235 |      0 |     51 |      0 |   1 |  235.0 |
               +--------+--------+--------+--------+--------+-----+--------+

Top non-repeatable levels by time:
   Orc:2: 2020 daAuts
     D:9: 1292 daAuts
  Lair:6: 1157 daAuts
    D:14: 1076 daAuts
    D:11: 1056 daAuts
    D:12: 1045 daAuts
 Swamp:2: 1023 daAuts
  Lair:4: 1022 daAuts
 Swamp:1: 928 daAuts
   Elf:2: 924 daAuts
     D:6: 892 daAuts
   Elf:1: 829 daAuts
  Lair:2: 827 daAuts
  Lair:5: 824 daAuts
 Swamp:3: 823 daAuts
